 Dungeon Crawl Stone Soup version 0.30.1-1-g62c8e00024 (webtiles) character file.

Game seed: 9395487612571413146

495 Gorgoleon the Skirmisher (level 7, -1/41 HPs)
             Began as a Kobold Hunter on July 16, 2023.
             Slain by Grinder (2 damage)
             ... while paralysed by Grinder
             ... on level 4 of the Dungeon.
             The game lasted 00:06:44 (3410 turns).

Gorgoleon the Skirmisher (Kobold Hunter)            Turns: 3410, Time: 00:06:45

Health: -1/41      AC:  5    Str:  8    XL:     7   Next: 38%
Magic:  7/7        EV:  3    Int: 10    God:
Gold:   158        SH:  0    Dex: 21    Spells: 6/6 levels left

rFire   . . .        a - +0 shortbow
rCold   . . .        (shield currently unavailable)
rNeg    . . .        c - +1 leather armour
rPois   .            (no helmet)
rElec   .            (no cloak)
rCorr   .            d - +0 pair of gloves
SInv    .            (no boots)
Will    .....        (no amulet)
Stlth   ++++         (no ring)
HPRegen 0.26/turn    (no ring)
MPRegen 0.10/turn

%: no passive effects
@: paralysed
A: small, no large weapons, nightstalker 3
a: no special abilities


You were on level 4 of the Dungeon.
You visited 1 branch of the dungeon, and saw 4 of its levels.

You collected 158 gold pieces.

Inventory:

Hand Weapons
 a - a +0 shortbow (weapon)
 o - a +2 dagger of speed
Armour
 c - a +1 leather armour (worn)
 d - a +0 pair of gloves (worn)
Jewellery
 f - a ring of willpower
 i - a ring of flight
 k - a ring of protection from fire
 l - an amulet of regeneration
Wands
 j - a wand of flame (13)
Scrolls
 b - a scroll of immolation
 e - 4 scrolls of identify
 u - a scroll of acquirement {unknown}
Potions
 g - a potion of resistance
 m - a potion of berserk rage {unknown}
 n - a potion of flight {unknown}
 p - 2 potions of invisibility
 q - a potion of degeneration {unknown}
 r - 2 potions of curing {unknown}
 s - a potion of ambrosia {unknown}
 t - a potion of haste {unknown}


   Skills:
 - Level 3.0 Fighting
 + Level 9.0 Ranged Weapons
 - Level 2.0 Armour
 - Level 3.0 Dodging
 * Level 4.5 Stealth


You had 6 spell levels left.
You didn't know any spells.
Your spell library contained the following spells:

 Spells                   Type           Power      Damage    Failure   Level
 Call Canine Familiar     Summ           0%         N/A       85%         3
 Inner Flame              Hex/Fire       0%         N/A       85%         3
 Portal Projectile        Hex/Tloc       0%         N/A       85%         3
 Flame Wave               Conj/Fire      0%         2d4       99%         4
 Leda's Liquefaction      Hex/Erth       0%         N/A       99%         4
 Sticky Flame             Conj/Fire      0%         2d3       99%         4


Dungeon Overview and Level Annotations

Branches:
Dungeon (4/15)
 Temple: D:4-7

Altars:

Annotations:
D:4 Grinder


Innate Abilities, Weirdness & Mutations

You are small and have problems with some larger weapons.
You are completely attuned to the shadows.


Message History

You now have 158 gold pieces (gained 5).
You see here a +0 spear.
You see here a +0 whip.
You open the door.
There is an open door here.
An endoplasm comes into view.
You shoot an arrow. The arrow hits the endoplasm.
The endoplasm quivers.
The endoplasm is severely wounded.
You shoot an arrow. The arrow hits the endoplasm.
You kill the endoplasm!
e - 4 scrolls of identify (gained 1)
You open the door.
There is an open door here.
Grinder comes into view.
You shoot an arrow. The arrow hits Grinder!
Grinder shouts!
Grinder is lightly wounded.
You shoot an arrow.
The arrow hits Grinder but does no damage.
Grinder is lightly wounded.
Grinder drinks a potion.
Grinder flickers and vanishes!
Deactivating autopickup; reactivate with Ctrl-A.
No target in view!
You shoot an arrow. Something hits you!
You writhe in agony.
You shoot an arrow. Something barely misses you.
You shoot an arrow. Something hits you.
You shoot an arrow.
You suddenly lose the ability to move!
Pain shoots through your body! Something hits you!
* * * LOW HITPOINT WARNING * * *
You writhe in agony.
* * * LOW HITPOINT WARNING * * *
Something hits you.
* * * LOW HITPOINT WARNING * * *
Something hits you.
* * * LOW HITPOINT WARNING * * *
You writhe in agony.
You die...

############
#.@{.......#
#.########.######
#.# #.##...# #
..# #.##...# #
#### ###.##...# #
#...##...# #
#.####...# #
#.#..'...# #
#....#...###


There were no monsters in sight!

Vanquished Creatures
  A bullfrog (D:4)
  A howler monkey (D:4)
  2 hounds
  2 orc priests
  2 orc wizards (D:3)
  Natasha (thrice) (D:3)
  5 gnolls
  2 adders
  A worm (D:2)
  9 orcs
  5 ball pythons
  10 endoplasms
  A giant cockroach (D:1)
  7 hobgoblins
  2 jackals (D:2)
  10 kobolds
  5 quokkas
  3 bats
  3 frilled lizards
  2 goblins
  6 rats
82 creatures vanquished.

Notes
Turn   | Place    | Note
-------+----------+-------------------------------------------
     0 | D:1      | Gorgoleon the Kobold Hunter began the quest for the Orb.
     0 | D:1      | Reached XP level 1. HP: 12/12 MP: 1/1
   101 | D:1      | Reached XP level 2. HP: 15/17 MP: 2/2
   551 | D:2      | Reached XP level 3. HP: 22/22 MP: 3/3
   571 | D:2      | Reached skill level 6 in Ranged Weapons
   900 | D:2      | Reached XP level 4. HP: 27/27 MP: 4/4
  1459 | D:3      | Reached skill level 1 in Armour
  1462 | D:3      | Reached XP level 5. HP: 22/32 MP: 5/5
  1697 | D:3      | Noticed Natasha
  1702 | D:3      | Killed Natasha
  2157 | D:3      | Noticed Natasha
  2162 | D:3      | Killed Natasha
  2163 | D:3      | Reached skill level 7 in Ranged Weapons
  2285 | D:3      | Noticed Natasha
  2350 | D:3      | Killed Natasha
  2444 | D:4      | Reached XP level 6. HP: 37/37 MP: 6/6
  2571 | D:4      | Noticed an ogre
  2686 | D:3      | Reached skill level 8 in Ranged Weapons
  2798 | D:3      | Reached XP level 7. HP: 14/41 MP: 7/7
  3234 | D:4      | Reached skill level 9 in Ranged Weapons
  3395 | D:4      | Noticed Grinder
  3406 | D:4      | Paralysed by something for 5 turns
  3410 | D:4      | HP: 1/41 [something (5)]
  3410 | D:4      | Slain by Grinder

Illustrated notes

Levels and vault maps discovered:
D:1:      minmay_arrival_split_and_join, layout_basic
D:2:      minmay_kobold_bridge, layout_loops_cross, cheibrodos_gnoll_hut
D:3:      cheibrodos_pilgrimage, layout_loops_corners,
          minmay_misc_feat_four_crosses, minmay_misc_feat_cross, minmay_unequal,
          uniq_natasha
D:4:      layout_basic, minivault_11, uniq_grinder

Skill      XL: |  1  2  3  4  5  6  7 |
---------------+----------------------+-----
Stealth        | 2 3 4 |  4.5
Ranged Weapons | 6 7 8 9 |  9.0
Armour         | 1 2 |  2.0
Dodging        | 3 |  3.0
Fighting       | 3 |  3.0

Action                     |  1- 3 |  4- 6 |  7- 9 || total
---------------------------+-------+-------+-------++-------
   Fire: Shortbow          |    82 |   112 |    49 ||   243
    Use: Scroll            |       |     3 |       ||     3
         Potion            |       |       |     1 ||     1
 Armour: Leather armour    |     4 |    18 |     5 ||    27
  Dodge: Dodged            |    27 |    46 |    25 ||    98
